 Dungeon Crawl Stone Soup version 0.30-a0-972-gf3ab3527aa (webtiles) character file.

Game seed: 5496340175551392809

1013 BlueFish the Sneak (level 8, -3/76 HPs)
             Began as an Octopode Transmuter on Mar 31, 2023.
             Slain by a bullfrog (6 damage)
             ... on level 7 of the Dungeon.
             The game lasted 00:09:43 (5139 turns).

BlueFish the Sneak (Octopode Transmuter)            Turns: 5139, Time: 00:09:44

Health: -3/76      AC: 24    Str: 11    XL:     8   Next: 21%
Magic:  10/12      EV:  2    Int: 15    God:
Gold:   280        SH:  0    Dex: 13    Spells: 3/13 levels left

rFire   . . .      SeeInvis .      - Unarmed
rCold   . . .      Faith    .    (no shield)
rNeg    . . .      Spirit   .    (helmet currently unavailable)
rPois   +          Reflect  .    (no amulet)
rElec   .          Rampage  .    (no ring)
rCorr   .          NoTele   +    (no ring)
Will    .....                    (no ring)
Stlth   +++                      (no ring)
HPRegen 0.32/turn                (no ring)
MPRegen 0.13/turn                (no ring)
                                 (no ring)
                                 (no ring)

@: lethally poisoned (-3 -> -22), tree-form
A: stationary, stasis, torment immunity, boosted hp, almost no armour,
(amphibious), 8 rings, (camouflage 1), (gelatinous body 1), (nimble swimmer 1),
(tentacles)
a: no special abilities


You were on level 7 of the Dungeon.
You were a tree.
You visited 1 branch of the dungeon, and saw 7 of its levels.

You collected 280 gold pieces.

Inventory:

Missiles
 d - 36 stones
 f - 5 poisoned darts
Wands
 l - a wand of mindburst (11)
 r - a wand of charming (12)
Scrolls
 e - 4 scrolls of teleportation
 h - a scroll of enchant weapon {unknown}
 j - a scroll of magic mapping {unknown}
 m - a scroll of brand weapon {unknown}
 n - a scroll of vulnerability {unknown}
 p - a scroll of acquirement {unknown}
 s - a scroll of immolation {unknown}
 t - a scroll of enchant armour {unknown}
 u - a scroll of fog {unknown}
Potions
 a - 2 potions of lignification
 b - 2 potions of haste
 c - 3 potions of degeneration
 g - a potion of flight
 i - 2 potions of invisibility
 k - a potion of magic
 o - 2 potions of might
 q - a potion of heal wounds {unknown}


   Skills:
 + Level 2.8 Fighting
 + Level 2.4 Throwing
 + Level 3.3 Dodging
 * Level 5.8 Stealth
 + Level 4.2 Unarmed Combat
 + Level 3.3 Spellcasting
 + Level 3.5 Transmutations
 * Level 4.5 Poison Magic


You had 3 spell levels left.
You knew the following spells:

 Your Spells              Type           Power      Damage    Failure   Level
a - Beastly Appendage     Tmut           26%        N/A       4%          1
b - Wereblood             Tmut           13%        N/A       7%          2
c - Spider Form           Tmut/Pois      14%        N/A       11%         3
d - Ice Form              Ice/Tmut       7%         N/A       67%         4

Your spell library contained the following spells:

 Spells                   Type           Power      Damage    Failure   Level
 Cigotuvi's Dreadful Rot  Necr/Pois/Air  14%        N/A       16%         2
 Kiss of Death            Conj/Necr      8%         2d6       21%         1
 Ensorcelled Hibernation  Hex/Ice        4%         N/A       30%         2
 Confusing Touch          Hex            2%         N/A       52%         3
 Anguish                  Hex/Necr       1%         N/A       89%         4
 Dispel Undead            Necr           2%         3d7       89%         4
 Death Channel            Necr           1%         N/A       100%        6


Dungeon Overview and Level Annotations

Branches:
Dungeon (8/15)             Temple (0/1) D:5
   Lair: D:8-11

Altars:
Hepliaklqana
Qazlal
Ru
Uskayaw
Wu Jian

Shops:
D:1 (   D:2 (=*[

Portals:
Sewer: D:5


Innate Abilities, Weirdness & Mutations

You are a tree.
Your roots penetrate the ground, keeping you stationary.
You cannot be teleported.
You are immune to unholy pain and torment.
Your maximum health is greatly increased.
You cannot wear most types of armour.
((You are amphibious.))
You can wear up to eight rings at the same time.
((Your skin changes colour to match your surroundings (Stealth+).))
((Your rubbery body absorbs attacks. (AC +1, EV +1)))
((You are camouflaged when in or above water. (Stealth+)))
((You have tentacles for arms and can constrict up to eight enemies at once.))


Message History

The water moccasin completely misses you.
You bite the water moccasin!
The water moccasin is heavily wounded.
You feel very sick. The water moccasin bites you!
The water moccasin completely misses you.
The bullfrog gives a loud, deep croak!
You hit the water moccasin.
The water moccasin is heavily wounded.
You feel very sick. The water moccasin misses you.
You hit the water moccasin.
The water moccasin is severely wounded.
You feel sick. The water moccasin closely misses you.
The water moccasin attacks as you move away!
The water moccasin bites you but does no damage.
You feel sick. The bullfrog completely misses you.
The water moccasin bites you but does no damage.
You hit the water moccasin but do no damage.
The water moccasin is severely wounded.
You feel sick. The bullfrog closely misses you.
The water moccasin closely misses you.
You hit the water moccasin.
The water moccasin is almost dead.
You feel sick. The bullfrog barely misses you. The water moccasin bites you!
You are lethally poisoned!
The water moccasin poisons you! The bullfrog barely misses you.
You closely miss the bullfrog.
* * * LOW HITPOINT WARNING * * *
You feel very sick. The water moccasin misses you. The bullfrog hits you.
* * * LOW HITPOINT WARNING * * *
Really quaff the potion of lignification?
Your transformation has ended.
You turn into a tree.
Your roots penetrate the ground.
* * * LOW HITPOINT WARNING * * *
You feel very sick.
The water moccasin bites you but does no damage.
The bullfrog hits you.
You die...

... #. #. ... ... #.
... ...###. ...
......#.# #.# ##.
.....########..# ...#
#.........#..##
.....#....####.>...#
F...##.#♣.....###.#
.......#FS#.###
#.##.......######
##...#.#.#.......###
..........#..........
###...#..####...#...
#.!.#....#.........
................###.
.#...........#...#


You could see a water moccasin and a bullfrog.

Vanquished Creatures
  Menkaure (D:7)
  An acid dragon (D:8)
  An orc warrior (D:8)
  A sky beast (D:8)
  A phantom (D:4)
  A bullfrog (D:7)
  2 hounds (D:4)
  A jelly (D:8)
  An orc priest (D:4)
  Crazy Yiuf (D:3)
  Natasha (thrice) (D:3)
  2 orc wizards
  3 gnolls (D:4)
  10 adders
  A white imp (D:8)
  3 worms
  A dart slug (D:3)
  13 orcs
  5 ball pythons
  2 bats
  5 endoplasms
  3 giant cockroaches
  8 goblins
  4 hobgoblins
  2 quokkas
  7 frilled lizards
  3 kobolds
  A rat (D:1)
87 creatures vanquished.

Vanquished Creatures (others)
  19 fungi (D:8)
  23 plants
42 creatures vanquished.

Grand Total: 129 creatures vanquished

Notes
Turn   | Place    | Note
-------+----------+-------------------------------------------
     0 | D:1      | BlueFish the Octopode Transmuter began the quest for the
                  | Orb.
     0 | D:1      | Reached XP level 1. HP: 13/13 MP: 3/3
    68 | D:1      | Found Wifuqeaw's Weapon Shop.
   245 | D:1      | Reached skill level 1 in Stealth
   352 | D:1      | Reached XP level 2. HP: 15/18 MP: 3/5
   601 | D:2      | Found Motu's Assorted Antiques.
   778 | D:2      | Found Waklo's Antique Armour Shop.
   931 | D:2      | Found Iduclata's Weapon Shop.
   966 | D:2      | Reached skill level 2 in Stealth
   966 | D:2      | Reached XP level 3. HP: 10/23 MP: 4/6
   970 | D:2      | Learned a level 3 spell: Spider Form
  1171 | D:2      | Found Giepow's Jewellery Emporium.
  1792 | D:3      | Learned a level 2 spell: Wereblood
  1807 | D:3      | Reached skill level 1 in Poison Magic
  1890 | D:3      | Reached XP level 4. HP: 17/28 MP: 7/7
  1948 | D:3      | Found an ornate altar of the Wu Jian Council.
  2449 | D:3      | Noticed Natasha
  2454 | D:3      | Killed Natasha
  2455 | D:3      | Reached XP level 5. HP: 33/33 MP: 4/8
  2547 | D:3      | Noticed Natasha
  2554 | D:3      | Killed Natasha
  2555 | D:3      | Reached skill level 3 in Stealth
  2607 | D:3      | Found a runed translucent door.
  2608 | D:3      | Noticed Crazy Yiuf
  2699 | D:3      | Noticed Natasha
  2706 | D:3      | Killed Natasha
  2707 | D:3      | Reached skill level 1 in Throwing
  2736 | D:3      | Found a faded altar of an unknown god.
  2848 | D:3      | Killed Crazy Yiuf
  3130 | D:4      | Reached XP level 6. HP: 39/39 MP: 9/9
  3399 | D:4      | Found a sacrificial altar of Ru.
  3424 | D:4      | Found a hazy altar of Hepliaklqana.
  3424 | D:4      | Found a hide-covered altar of Uskayaw.
  3478 | D:4      | Reached skill level 4 in Stealth
  3647 | D:4      | Reached XP level 7. HP: 16/45 MP: 6/11
  3999 | D:5      | Entered Level 5 of the Dungeon
  4006 | D:5      | Found a staircase to the Ecumenical Temple.
  4011 | D:5      | Found a glowing drain.
  4042 | D:5      | You fall into a shaft and drop 3 floors!
  4308 | D:8      | Reached skill level 5 in Stealth
  4554 | D:8      | Found a stormy altar of Qazlal.
  4771 | D:8      | Learned a level 4 spell: Ice Form
  4793 | D:8      | HP: 1/45 [orc warrior/+0 long sword (8)]
  4798 | D:8      | Reached XP level 8. HP: 15/51 MP: 10/12
  5018 | D:7      | Noticed Menkaure
  5033 | D:7      | Killed Menkaure
  5139 | D:7      | HP: 3/76 [poisoned by a water moccasin]
  5139 | D:7      | Slain by a bullfrog

Illustrated notes

Levels and vault maps discovered:
D:1:      dpeg_arrival_windows_large_door, layout_rooms, serial_shops,
          nicolae_shop_advertising_works [nicolae_subvault_shop_adworks],
          minmay_statues_item, minmay_misc_feat_pillars,
          minmay_misc_feat_more_columns, kennysheep_flooded_box
D:2:      layout_loops_corners, serial_shops, nicolae_shop_statue_plus,
          shop_coins, nicolae_shop_hallway_plus, shop
D:3:      layout_basic, mainiacjoe_overflow_catwalk,
          chequers_ecumenical_altar_lobes, chequers_garden, serial_bayou_pond_b,
          uniq_crazy_yiuf_cottage, uniq_natasha
D:4:      layout_basic, mainiacjoe_overflow_paths,
          gammafunk_temple_overflow_elements
D:5:      minmay_chambers_of_fours, layout_rooms, temple_statues,
          gup_sewer_entry_glass
D:7:      layout_rooms, kennysheep_little_box, minitemple, enter_ossuary_4,
          uniq_menkaure
D:8:      layout_basic, mainiacjoe_overflow_cross_hatched,
          grunt_lair_entry_orc_guard_hut

Skill      XL: |  1  2  3  4  5  6  7 |
---------------+----------------------+-----
Stealth        | 1 2 3 4 5 |  5.8
Poison Magic   | 1 2 3 4 |  4.5
Throwing       | 1 2 |  2.4
Fighting       | 2 |  2.8
Transmutations | 3 |  3.5
Dodging        | 3 |  3.3
Spellcasting   | 3 |  3.3
Unarmed Combat | 4 |  4.2

Action                     |  1- 3 |  4- 6 |  7- 9 || total
---------------------------+-------+-------+-------++-------
  Melee: Unarmed           |    84 |   100 |    94 ||   278
         Constrict         |    24 |     8 |     3 ||    35
         Tentacles         |    16 |     7 |     3 ||    26
         Kick              |    15 |     3 |       ||    18
         Punch             |     4 |     1 |       ||     5
   Cast: Beastly Appendage |    11 |     3 |       ||    14
         Wereblood         |     2 |     1 |     1 ||     4
         Spider Form       |       |    10 |     9 ||    19
    Use: Scroll            |       |     6 |     2 ||     8
         Potion            |       |       |     5 ||     5
   Stab: Sleeping          |     7 |     3 |     1 ||    11
 Armour: Skin              |     6 |     4 |    14 ||    24
  Dodge: Dodged            |    42 |    73 |    88 ||   203

Table legend: (Time is in decaauts)
 A = Elapsed time spent in this place.
 B = Non-inter-level travel time spent in this place.
 C = Inter-level travel time spent in this place.
 D = Time resting spent in this place.
 E = Time spent auto-exploring this place.
 F = Levels seen in this place.
 G = Mean time per level.
                   A        B        C        D        E       F      G
               +--------+--------+--------+--------+--------+-----+--------+
         Total |   5126 |   4970 |    156 |     89 |   3980 |   7 |  732.3 |
       Dungeon |   5126 |   4970 |    156 |     89 |   3980 |   7 |  732.3 |
               +--------+--------+--------+--------+--------+-----+--------+

Top non-repeatable levels by time:
     D:3: 1347 daAuts
     D:4: 1032 daAuts
     D:2: 1002 daAuts
     D:8: 966 daAuts
     D:1: 610 daAuts
     D:7: 125 daAuts
     D:5: 41 daAuts
